[ AOE2 MATCH · #507601902 ]
UnrankedBritons vs Saracens
Player's team · WIN
Rival team · LOSS
[ REPLAY ANALYSIS · EXTRACTED FROM THE RECORDED GAME ]
Feudal
9:20
Castle
21:50
Imperial
36:02
| APM avg | 50.7 |
| APM peak | 139 |
| eAPM avg | 25.1 |
| Villagers / military | 105 / 78 |
Focus
⚔️ 45.9% · 🌾 54.1%
Archer ×59 · Mangonel ×11 · Militia ×4 · Skirmisher ×3 · Trebuchet (Packed) ×1
Feudal
9:15
Castle
21:24
Imperial
—
| APM avg | 57.1 |
| APM peak | 111 |
| eAPM avg | 26.8 |
| Villagers / military | 85 / 44 |
Focus
⚔️ 35.9% · 🌾 64.1%
Archer ×26 · Skirmisher ×15 · Mangonel ×3
Match map
Initial resources + every placement click. Lines = walls · curves = elevation contours. ◆ gold · ⬟ stone · ● berries · ✦ relic · ◌ wall gap
Your base· ✓ Closed at 21:50 · 0t walls · 2 gate(s)
ManVer_'s base· ✓ Closed at 21:24 · 2t walls · 4 gate(s)
Smoothed initial terrain · ◌ = detected wall gap · hover for details
Inputs per minute
— jimmyjedi - - ManVer_
Build order — jimmyjedi
First 150 of 316 actions detected
| 0:00 | Queue | Villager (Male) |
| 0:01 | Queue | Villager (Male) |
| 0:01 | Queue | Villager (Male) |
| 0:01 | Queue | Villager (Male) |
| 0:02 | Build | House |
| 0:03 | Build | House |
| 1:25 | Queue | Villager (Male) |
| 1:25 | Queue | Villager (Male) |
| 1:27 | Build | Lumber Camp |
| 1:51 | Queue | Villager (Male) |
| 1:52 | Queue | Villager (Male) |
| 2:12 | Queue | Villager (Male) |
| 2:13 | Queue | Villager (Male) |
| 2:32 | Queue | Villager (Male) |
| 2:32 | Queue | Villager (Male) |
| 3:10 | Queue | Villager (Male) |
| 3:10 | Queue | Villager (Male) |
| 3:24 | Build | House |
| 3:54 | Queue | Villager (Male) |
| 3:54 | Queue | Villager (Male) |
| 4:31 | Build | Barracks |
| 4:37 | Queue | Villager (Male) |
| 4:37 | Queue | Villager (Male) |
| 4:37 | Queue | Villager (Male) |
| 4:54 | Build | House |
| 5:04 | Queue | Villager (Male) |
| 5:30 | Queue | Villager (Male) |
| 5:30 | Queue | Villager (Male) |
| 6:01 | Research | Loom |
| 6:36 | Build | Mining Camp |
| 7:10 | Research | Feudal Age |
| 7:11 | Queue | Militia |
| 7:28 | Queue | Militia |
| 7:28 | Queue | Militia |
| 7:47 | Build | Mill |
| 8:01 | Build | House |
| 8:18 | Queue | Militia |
| 8:52 | Queue | Villager (Male) |
| 9:02 | Build | House |
| 9:04 | Queue | Villager (Male) |
| 9:20 | Age | Feudal Age |
| 9:33 | Build | Archery Range |
| 9:43 | Research | Double-Bit Axe |
| 9:43 | Research | Double-Bit Axe |
| 9:46 | Queue | Villager (Male) |
| 9:59 | Queue | Villager (Male) |
| 10:37 | Build | Blacksmith |
| 10:39 | Queue | Archer |
| 10:40 | Queue | Archer |
| 10:43 | Queue | Skirmisher |
| 10:44 | Queue | Skirmisher |
| 10:46 | Build | House |
| 10:48 | Queue | Villager (Male) |
| 11:05 | Build | Farm |
| 11:16 | Research | Fletching |
| 11:20 | Queue | Skirmisher |
| 11:20 | Queue | Villager (Male) |
| 11:22 | Queue | Archer |
| 11:29 | Build | House |
| 11:44 | Build | Farm |
| 11:49 | Build | Farm |
| 11:50 | Queue | Villager (Male) |
| 11:57 | Queue | Archer |
| 11:59 | Queue | Archer |
| 12:10 | Build | Outpost |
| 12:12 | Build | Outpost |
| 12:15 | Queue | Villager (Male) |
| 12:18 | Build | Farm |
| 12:32 | Queue | Villager (Male) |
| 12:44 | Build | Outpost |
| 12:54 | Build | Outpost |
| 12:56 | Queue | Villager (Male) |
| 13:26 | Queue | Archer |
| 13:26 | Queue | Archer |
| 13:41 | Queue | Villager (Male) |
| 13:41 | Queue | Villager (Male) |
| 13:45 | Build | Farm |
| 13:50 | Queue | Villager (Male) |
| 13:54 | Build | Farm |
| 13:57 | Build | Farm |
| 14:08 | Queue | Archer |
| 14:21 | Research | Arson |
| 14:25 | Research | Man-at-Arms (upgrade) |
| 14:26 | Queue | Villager (Male) |
| 14:31 | Queue | Archer |
| 14:35 | Build | Farm |
| 14:37 | Build | Farm |
| 14:39 | Research | Horse Collar |
| 14:39 | Research | Horse Collar |
| 15:01 | Queue | Villager (Male) |
| 15:01 | Queue | Villager (Male) |
| 15:08 | Build | House |
| 15:13 | Build | House |
| 15:14 | Build | House |
| 15:15 | Build | House |
| 15:16 | Queue | Villager (Male) |
| 15:33 | Queue | Villager (Male) |
| 15:37 | Queue | Archer |
| 15:38 | Build | Farm |
| 15:39 | Build | Farm |
| 16:13 | Queue | Villager (Male) |
| 16:13 | Queue | Villager (Male) |
| 16:20 | Queue | Archer |
| 16:21 | Queue | Villager (Male) |
| 16:21 | Queue | Villager (Male) |
| 16:36 | Build | Farm |
| 16:37 | Build | Farm |
| 16:52 | Build | House |
| 16:53 | Build | House |
| 16:56 | Build | Farm |
| 17:01 | Build | Lumber Camp |
| 17:11 | Queue | Archer |
| 17:12 | Queue | Archer |
| 17:26 | Build | Farm |
| 17:45 | Queue | Archer |
| 17:50 | Queue | Villager (Male) |
| 17:52 | Build | Farm |
| 18:43 | Build | House |
| 18:47 | Queue | Archer |
| 18:56 | Queue | Archer |
| 19:10 | Research | Castle Age |
| 19:14 | Queue | Archer |
| 19:59 | Research | Gold Mining |
| 20:01 | Research | Padded Archer Armor |
| 20:03 | Queue | Archer |
| 20:15 | Build | Archery Range |
| 20:17 | Queue | Archer |
| 20:24 | Queue | Villager (Male) |
| 20:58 | Queue | Archer |
| 21:00 | Build | House |
| 21:50 | Age | Castle Age |
| 21:53 | Research | Crossbowman (upgrade) |
| 21:56 | Research | Bodkin Arrow |
| 21:59 | Build | University |
| 22:02 | Queue | Villager (Male) |
| 22:04 | Build | Siege Workshop |
| 22:14 | Research | Bow Saw |
| 22:14 | Research | Bow Saw |
| 22:17 | Build | Siege Workshop |
| 22:21 | Queue | Archer |
| 22:21 | Queue | Archer |
| 22:30 | Queue | Villager (Male) |
| 22:45 | Build | House |
| 22:55 | Queue | Mangonel |
| 22:56 | Queue | Villager (Male) |
| 22:59 | Build | Town Center |
| 23:07 | Research | Ballistics |
| 23:07 | Research | Ballistics |
| 23:14 | Queue | Archer |
| 23:20 | Queue | Villager (Male) |
Build order — ManVer_
First 150 of 232 actions detected
| 0:00 | Queue | Villager (Male) |
| 0:00 | Queue | Villager (Male) |
| 0:03 | Build | House |
| 0:04 | Build | House |
| 0:12 | Queue | Villager (Male) |
| 0:12 | Queue | Villager (Male) |
| 1:13 | Queue | Villager (Male) |
| 1:57 | Queue | Villager (Male) |
| 2:11 | Build | Lumber Camp |
| 2:12 | Queue | Villager (Male) |
| 2:12 | Queue | Villager (Male) |
| 2:50 | Queue | Villager (Male) |
| 2:50 | Queue | Villager (Male) |
| 3:12 | Queue | Villager (Male) |
| 3:12 | Queue | Villager (Male) |
| 3:25 | Build | House |
| 3:49 | Queue | Villager (Male) |
| 3:49 | Queue | Villager (Male) |
| 3:51 | Build | House |
| 4:13 | Queue | Villager (Male) |
| 4:13 | Queue | Villager (Male) |
| 4:52 | Build | Mining Camp |
| 4:52 | Queue | Villager (Male) |
| 5:01 | Queue | Villager (Male) |
| 5:39 | Queue | Villager (Male) |
| 5:53 | Queue | Villager (Male) |
| 5:54 | Research | Loom |
| 7:00 | Research | Feudal Age |
| 7:01 | Research | Feudal Age |
| 7:07 | Build | Barracks |
| 7:46 | Build | House |
| 8:41 | Build | House |
| 9:15 | Age | Feudal Age |
| 9:18 | Build | Archery Range |
| 9:22 | Build | Blacksmith |
| 9:24 | Research | Double-Bit Axe |
| 9:24 | Research | Double-Bit Axe |
| 9:24 | Queue | Villager (Male) |
| 9:32 | Queue | Villager (Male) |
| 10:02 | Queue | Villager (Male) |
| 10:03 | Queue | Archer |
| 10:04 | Queue | Archer |
| 10:07 | Build | House |
| 10:18 | Queue | Villager (Male) |
| 10:22 | Build | Mill |
| 10:26 | Build | House |
| 10:30 | Queue | Archer |
| 10:50 | Queue | Villager (Male) |
| 11:04 | Build | Farm |
| 11:12 | Build | House |
| 11:14 | Queue | Archer |
| 11:31 | Queue | Villager (Male) |
| 11:35 | Build | Farm |
| 11:37 | Build | Farm |
| 11:45 | Build | House |
| 11:46 | Queue | Archer |
| 12:02 | Queue | Villager (Male) |
| 12:05 | Build | Farm |
| 12:25 | Research | Fletching |
| 12:25 | Research | Fletching |
| 12:30 | Build | Farm |
| 12:32 | Build | Farm |
| 12:38 | Queue | Villager (Male) |
| 12:39 | Queue | Villager (Male) |
| 12:47 | Build | Farm |
| 12:48 | Queue | Archer |
| 13:18 | Queue | Villager (Male) |
| 13:20 | Build | House |
| 13:21 | Queue | Skirmisher |
| 13:31 | Build | House |
| 13:38 | Build | Farm |
| 13:43 | Queue | Skirmisher |
| 13:52 | Research | Padded Archer Armor |
| 13:52 | Research | Padded Archer Armor |
| 14:07 | Build | Palisade Gate |
| 14:11 | Queue | Skirmisher |
| 14:17 | Build | House |
| 14:22 | Queue | Archer |
| 14:30 | Queue | Villager (Male) |
| 14:44 | Build | Palisade Gate |
| 14:58 | Queue | Archer |
| 15:04 | Queue | Villager (Male) |
| 15:07 | Build | Farm |
| 15:27 | Queue | Skirmisher |
| 15:31 | Queue | Skirmisher |
| 15:39 | Build | Archery Range |
| 15:49 | Queue | Villager (Male) |
| 15:51 | Queue | Villager (Male) |
| 15:55 | Build | Farm |
| 16:29 | Queue | Villager (Male) |
| 16:30 | Queue | Skirmisher |
| 16:32 | Build | House |
| 16:36 | Queue | Skirmisher |
| 16:40 | Queue | Skirmisher |
| 16:47 | Queue | Villager (Male) |
| 16:52 | Build | Farm |
| 16:58 | Build | Farm |
| 17:10 | Queue | Villager (Male) |
| 17:34 | Queue | Villager (Male) |
| 17:44 | Build | Market |
| 17:53 | Build | Palisade Gate |
| 17:59 | Queue | Villager (Male) |
| 18:03 | Build | Farm |
| 18:09 | Build | House |
| 18:17 | Build | Farm |
| 18:40 | Research | Castle Age |
| 18:41 | Research | Castle Age |
| 18:49 | Build | Mining Camp |
| 19:00 | Research | Horse Collar |
| 19:00 | Research | Horse Collar |
| 19:03 | Queue | Archer |
| 19:14 | Build | House |
| 19:23 | Queue | Archer |
| 19:25 | Queue | Archer |
| 19:44 | Build | House |
| 19:46 | Queue | Archer |
| 19:46 | Queue | Archer |
| 20:09 | Queue | Archer |
| 20:09 | Queue | Archer |
| 20:34 | Build | Palisade Wall |
| 20:52 | Build | Palisade Wall |
| 21:11 | Queue | Villager (Male) |
| 21:24 | Age | Castle Age |
| 21:25 | Research | Crossbowman (upgrade) |
| 21:25 | Research | Crossbowman (upgrade) |
| 21:26 | Research | Bodkin Arrow |
| 21:26 | Research | Bodkin Arrow |
| 21:38 | Queue | Archer |
| 21:38 | Queue | Archer |
| 21:51 | Research | Bow Saw |
| 22:00 | Research | Leather Archer Armor |
| 22:17 | Queue | Archer |
| 22:24 | Build | House |
| 22:46 | Queue | Archer |
| 22:46 | Queue | Archer |
| 22:50 | Queue | Archer |
| 22:51 | Queue | Archer |
| 22:51 | Queue | Villager (Male) |
| 23:18 | Queue | Villager (Male) |
| 23:21 | Build | Siege Workshop |
| 23:27 | Queue | Skirmisher |
| 23:28 | Queue | Skirmisher |
| 23:31 | Queue | Villager (Male) |
| 23:38 | Build | Palisade Gate |
| 23:47 | Queue | Archer |
| 23:47 | Queue | Archer |
| 24:12 | Queue | Villager (Male) |
| 24:30 | Queue | Villager (Male) |
| 24:31 | Queue | Skirmisher |
| 24:36 | Queue | Villager (Male) |
Match timeline
| 4:31 | jimmyjedi · first_building Barracks |
| 7:07 | ManVer_ · first_building Barracks |
| 9:15 | ManVer_ · age_up feudal |
| 9:18 | ManVer_ · first_building Archery Range |
| 9:20 | jimmyjedi · age_up feudal |
| 9:33 | jimmyjedi · first_building Archery Range |
| 18:39 | ManVer_ · first_market_buy 100 food |
| 20:34 | ManVer_ · wall_segment Palisade Wall x1 |
| 20:52 | ManVer_ · wall_segment Palisade Wall x1 |
| 21:06 | ManVer_ · first_market_sell 100 food |
| 21:24 | ManVer_ · age_up castle |
| 21:50 | jimmyjedi · age_up castle |
| 22:04 | jimmyjedi · first_building Siege Workshop |
| 23:21 | ManVer_ · first_building Siege Workshop |
| 26:50 | ManVer_ · first_building Castle |
| 34:33 | jimmyjedi · first_building Castle |
| 36:02 | jimmyjedi · age_up imperial |
| 36:09 | ManVer_ · resign |
[ AI ANALYSIS · 1 CREDIT ]
What really happened in this match?
Wolo.gg analyzes every decision: build order, eco, micro, common mistakes by bracket. Personalized analysis on WhatsApp or Discord in 30 seconds.
Civ guide
Britons
Perfil
Jugador #1516626